 Dungeon Crawl Stone Soup version 0.23.0 (webtiles) character file.

Game seed: 1320962604156582344

116 Yuikono the Grave Robber (level 4, -5/30 HPs)
             Began as a Demonspawn Necromancer on Feb 12, 2019.
             Asphyxiated
             ... on level 3 of the Dungeon.
             The game lasted 00:05:12 (3416 turns).

Yuikono the Grave Robber (Demonspawn Necromancer)   Turns: 3416, Time: 00:05:13

Health: -5/30      AC:  5    Str:  8    XL:     4   Next: 70%
Magic:  3/9        EV: 11    Int: 17    God:
Gold:   25         SH:  0    Dex: 14    Spells: 2/10 levels left

rFire    . . .     SeeInvis .   k - +0 dagger (venom)
rCold    + . .     Gourm    .   (no shield)
rNeg     . . .     Faith    .   d - +2 leather armour {rC+}
rPois    .         Spirit   .   (no helmet)
rElec    .         Reflect  .   (no cloak)
rCorr    .         Harm     .   (no gloves)
MR       .....                  (no boots)
Stlth    ++........             (no amulet)
HPRegen  0.10/turn              (no ring)
MPRegen  0.11/turn              (no ring)

@: lethally poisoned (-5 -> -31), slowed, very slow
A: foul stench 1, rot immunity
a: no special abilities


You were on level 3 of the Dungeon.
You were not hungry.

You visited 1 branch of the dungeon, and saw 3 of its levels.

You collected 25 gold pieces.

Inventory:

Hand Weapons
 k - a +0 dagger of venom (weapon)
Missiles
 b - 48 stones (quivered)
 e - 47 sling bullets
 m - 23 arrows
Armour
 a - a +0 robe
 d - a +2 leather armour of cold resistance (worn)
Jewellery
 g - an uncursed ring of wizardry {unknown}
Scrolls
 h - 3 scrolls of identify {unknown}
 i - a scroll of teleportation {unknown}
 n - a scroll of enchant weapon {unknown}
 o - a scroll of fog {unknown}
Potions
 f - 4 potions of curing {unknown}
 j - a potion of magic {unknown}
Comestibles
 c - 2 rations


   Skills:
 - Level 1.7 Dodging
 - Level 1.7 Stealth
 + Level 3.5 Spellcasting
 + Level 5.7 Necromancy


You had 2 spell levels left.
You knew the following spells:

 Your Spells              Type           Power        Failure   Level  Hunger
a - Pain                  Necr           ###.         2%          1    None
b - Animate Skeleton      Necr           N/A          2%          1    None
c - Vampiric Draining     Necr           ###.......   7%          3    ###....
d - Regeneration          Chrm/Necr      ##........   22%         3    ###....

Your spell library contained the following spells:

 Spells                   Type           Power        Failure   Level  Hunger
 Animate Dead             Necr           N/A          22%         4    ####...


Dungeon Overview and Level Annotations

Branches:
Dungeon (3/15)

Altars:


Innate Abilities, Weirdness & Mutations

You may emit foul miasma when damaged in melee.
You are immune to rotting.


Message History

Press: ? - help, Shift-Dir - straight line, f - hobgoblin
Aim: a hobgoblin (lightly wounded, poisoned, sick)
You kill the hobgoblin!
You feel life coursing into your body.
* * * LOW HITPOINT WARNING * * *
You feel sick. The goblin closely misses you.
Casting: Vampiric Draining (safe; 7% risk of failure)
Confirm with . or Enter, or press ? or * to list all spells.
Aiming: Vampiric Draining (safe; 7% risk of failure)
Press: ? - help, Shift-Dir - straight line, f - goblin
Aim: a goblin You kill the goblin!
You feel life coursing into your body.
* * * LOW HITPOINT WARNING * * *
You feel sick.
The kobold shoots a curare-tipped needle.
The curare-tipped needle hits you.
You are more poisoned.
You have difficulty breathing.
You die...

#.# #.### #.#<# #)#.#
#.#.# #.#.# #.#.#
.##########†#.######
......(@†K....>......
.#########(.#.#######
#.....g.....#
#.........#.#
#.......%K#.#
#.........# #
#.........#
#.........#
..........#


You could see a kobold.

Vanquished Creatures
  Jessica (D:2)
  2 adders (D:2)
  2 oozes (D:1)
  A worm (D:2)
  2 dart slugs (D:1)
  2 leopard geckos (D:1)
  4 bats
  2 giant cockroaches (D:2)
  3 goblins
  6 hobgoblins
  5 jackals
  6 kobolds
  A quokka (D:2)
  3 frilled lizards
  3 rats
43 creatures vanquished.

Vanquished Creatures (collateral kills)
  An adder (D:2)
  A worm (D:2)
  A bat (D:2)
  A jackal (D:2)
  A kobold (D:1)
  A rat (D:2)
6 creatures vanquished.

Grand Total: 49 creatures vanquished

Notes
Turn   | Place    | Note
-------+----------+-------------------------------------------
     0 | D:1      | Yuikono the Demonspawn Necromancer began the quest for the
                  | Orb.
     0 | D:1      | Reached XP level 1. HP: 13/13 MP: 3/3
   823 | D:1      | Gained mutation: You are immune to rotting. [demonic
                  | ancestry]
   823 | D:1      | Reached XP level 2. HP: 11/19 MP: 1/5
  1344 | D:1      | Learned a level 1 spell: Animate Skeleton
  1855 | D:1      | Reached skill level 5 in Necromancy
  1855 | D:1      | Reached XP level 3. HP: 19/24 MP: 0/7
  2441 | D:2      | Learned a level 3 spell: Vampiric Draining
  2716 | D:2      | Gained mutation: You may emit foul miasma when damaged in
                  | melee. [demonic ancestry]
  2716 | D:2      | Reached XP level 4. HP: 28/30 MP: 8/8
  2904 | D:2      | Noticed Jessica
  2912 | D:2      | Killed Jessica
  3397 | D:3      | Learned a level 3 spell: Regeneration
  3416 | D:3      | Asphyxiated

Skill      XL: |  1  2  3 |
---------------+----------+-----
Necromancy     | 5 |  5.7
Spellcasting   | 3 |  3.5
Dodging        | |  1.7
Stealth        | |  1.7

Action                   |  1- 3 |  4- 6 || total
-------------------------+-------+-------++-------
Melee: Unarmed           |    48 |       ||    48
       Dagger            |   104 |    40 ||   144
 Cast: Pain              |    27 |     5 ||    32
       Animate Skeleton  |     3 |     2 ||     5
       Vampiric Draining |       |     3 ||     3
 Stab: Sleeping          |     1 |     3 ||     4
  Eat: Chunk             |     6 |     2 ||     8
Armor: Leather armour    |    61 |    19 ||    80
Dodge: Dodged            |   114 |    26 ||   140
